 Dungeon Crawl Stone Soup version 0.30-a0-414-gcb316572d5 (webtiles) character file.

Game seed: 10419954991856463335

4474 Monkooky the Pandemonic (level 10, -4/78 HPs)
             Began as a Minotaur Monk on Dec 8, 2022.
             Was a High Priest of Makhleb.
             Shot with an arrow by a centaur warrior (13 damage)
             ... on level 8 of the Dungeon.
             The game lasted 00:18:42 (7026 turns).

Monkooky the Pandemonic (Minotaur Monk)             Turns: 7026, Time: 00:18:42

Health: -4/78      AC:  7    Str: 20    XL:     10   Next: 15%
Magic:  19/19      EV: 12    Int:  7    God:    Makhleb [*****.]
Gold:   171        SH:  0    Dex: 13    Spells: 9/9 levels left

rFire   + . .      SeeInvis .    I - +2 dire flail
rCold   . . .      Faith    +    (shield currently unavailable)
rNeg    . . .      Spirit   .    f - +0 ring mail {rF+}
rPois   +          Reflect  .    (helmet restricted)
rElec   .          Harm     .    (no cloak)
rCorr   .          Rampage  .    D - +1 pair of gloves {infuse}
Will    +....                    (no boots)
Stlth   +.........               s - amulet of faith
HPRegen 0.33/turn                r - ring of poison resistance
MPRegen 0.16/turn                R - ring of willpower

@: studying Maces & Flails
A: horns 2, retaliatory headbutt
a: Renounce Religion, Minor Destruction, Lesser Servant of Makhleb, Major
Destruction, Greater Servant of Makhleb


You were on level 8 of the Dungeon.
You worshipped Makhleb.
Makhleb was extremely pleased with you.
You visited 1 branch of the dungeon, and saw 8 of its levels.
You also visited: Sewer.

You collected 366 gold pieces.
You spent 195 gold pieces at shops.

Inventory:

Hand Weapons
 a - a +0 hand axe
 e - a +0 war axe
 x - the +8 great sword of the Burning Genius {antimagic, rN+ Str+4 SInv}
   (You found it in a sewer)

   It reduces the magical energy of the wielder, and disrupts the spells and
   magical abilities of those it strikes.
   Natural abilities and divine invocations are not affected.
   Str:       It affects your strength (+4).
   rN:        It protects you from negative energy.
   SInv:      It lets you see invisible.
 I - a +2 dire flail (weapon)
 K - a +0 lajatang
 T - a +1 morningstar of pain
Missiles
 i - 11 curare-tipped darts
 u - 16 poisoned darts
 B - a throwing net
 Q - 5 javelins
Armour
 b - a +0 robe
 d - a +0 scale mail
 f - a +0 ring mail of fire resistance (worn)
 D - a +1 pair of gloves of infusion (worn)
Jewellery
 r - a ring of poison resistance (left hand)
 s - an amulet of faith (around neck)
 v - a +6 ring of intelligence
 J - an amulet of reflection
 R - a ring of willpower (right hand)
Wands
 o - a wand of paralysis (3)
 H - a wand of polymorph (2)
Scrolls
 g - 2 scrolls of enchant armour {unknown}
 h - 3 scrolls of noise
 j - 2 scrolls of butterflies {unknown}
 l - 3 scrolls of immolation {unknown}
 m - 8 scrolls of identify
 p - a scroll of poison {unknown}
 w - a scroll of amnesia {unknown}
 y - 2 scrolls of blinking
 E - a scroll of vulnerability {unknown}
 G - a scroll of magic mapping {unknown}
 M - a scroll of silence {unknown}
 O - a scroll of teleportation {unknown}
Potions
 k - 2 potions of magic {unknown}
 n - 4 potions of lignification {unknown}
 q - 6 potions of curing {unknown}
 t - a potion of flight
 z - a potion of berserk rage {unknown}
 A - a potion of haste
 C - 2 potions of attraction {unknown}
 F - 2 potions of invisibility {unknown}
 L - 2 potions of brilliance {unknown}
 N - a potion of heal wounds {unknown}
 P - a potion of might {unknown}
 S - a potion of degeneration {unknown}


   Skills:
 - Level 3.8 Fighting
 - Level 4.0(5.6) Axes
 + Level 6.1(7.0) Maces & Flails
 - Level 3.0(4.9) Staves
 - Level 2.0 Throwing
 - Level 1.0 Armour
 - Level 3.3 Dodging
 - Level 1.5 Stealth
 - Level 13.5 Invocations


You had 9 spell levels left.
You didn't know any spells.
Your spell library contained the following spells:

 Spells                   Type           Power      Damage    Failure   Level
 Apportation              Tloc           0%         N/A       61%         1
 Freeze                   Ice            0%         1d3       61%         1
 Kiss of Death            Conj/Necr      0%         2d5       61%         1
 Shock                    Conj/Air       0%         1d3       61%         1
 Confusing Touch          Hex            0%         N/A       93%         3
 Frozen Ramparts          Ice            0%         1d1       93%         3
 Hailstorm                Conj/Ice       0%         3d3       93%         3
 Ozocubu's Armour         Ice            0%         N/A       93%         3
 Swiftness                Air            0%         N/A       93%         3
 Airstrike                Air            0%         2d(0-16)  100%        4
 Dispel Undead            Necr           0%         3d6       100%        4
 Alistair's Intoxication  Tmut/Pois      0%         N/A       100%        5
 Ozocubu's Refrigeration  Ice            0%         4d7       100%        7


Dungeon Overview and Level Annotations

Branches:
Dungeon (8/15)             Temple (0/1) D:6           Sewer (visited)
   Lair: D:8-11

Altars:
Makhleb
Nemelex Xobeh
Ru

Shops:
D:3 [(((   D:5 (


Innate Abilities, Weirdness & Mutations

You have a pair of horns on your head.
You reflexively headbutt those who attack you in melee.


Message History

The centaur warrior kicks your hellwing but does no damage.
Your ynoxinul gestures at the centaur warrior.
The iron shot hits the centaur warrior!
Your ufetubus barely misses the centaur warrior.
Your ufetubus hits the centaur warrior.
The centaur warrior dies!
Makhleb accepts your kill.
Your base Maces & Flails skill gained 6 levels and is now at level 6!
Unknown command.
You start resting.
A centaur warrior comes into view. It is wielding a +0 quarterstaff.
The centaur warrior unwields a +0 quarterstaff.
The centaur warrior wields a +0 shortbow.
The centaur warrior shoots an arrow.
The arrow hits you!
* * * LOW HITPOINT WARNING * * *
You swap places.
The centaur warrior shoots an arrow.
The arrow barely misses your ynoxinul. The arrow hits your ufetubus!
Your ufetubus dies!
Your ufetubus disappears in a puff of smoke!
Something barely misses your ynoxinul. Something kicks your ynoxinul.
Your ynoxinul gestures.
The centaur warrior unwields a +0 quarterstaff.
The centaur warrior wields a +0 shortbow.
The centaur warrior shoots an arrow.
The arrow hits your ynoxinul!
Your ynoxinul hits the centaur warrior!
Okay, then.
As you read the scroll labelled FESYMA OD ARGH, it crumbles to dust.
It is a scroll of identify.
t - a potion of flight The centaur warrior shoots an arrow.
The arrow hits your ynoxinul!
The centaur warrior shoots an arrow.
The arrow hits your ynoxinul!!
Your ynoxinul dies!
Your ynoxinul disappears in a puff of smoke!
Your ufetubus disappears in a puff of smoke! x2
Unknown command.
Your hellwing closely misses the centaur warrior.
Your hellwing hits the centaur warrior.
The centaur warrior shoots an arrow.
The arrow hits you!
You die...

## .. .### .# # .... ..
.## .# #.... #.## ..##.
#.... #..# ... #...#
###.#####.#
##....##.......#@#
.................###
..##...............##
..#####)............#
..## #.[))...........#
...#####§§.............
.))).####4.)...........
#)##c)).§c.............
#+##########...........


You could see a centaur warrior (ally target) and a friendly hellwing
(summoned).

Vanquished Creatures
  2 vault sentinels (D:8)
  Maggie (D:8)
  2 steam dragons
  An acid dragon (D:8)
  A sky beast (D:7)
  3 ice beasts (D:5)
  2 centaurs
  A phantom (D:6)
  2 kobold brigands (D:6)
  2 bullfrogs (Sewer)
  2 gnoll sergeants
  A necrophage (D:6)
  2 scorpions
  3 wights (D:6)
  Dowan (D:6)
  A jelly (D:7)
  2 hounds
  9 iguanas
  2 orc wizards
  9 gnolls
  6 adders
  A river rat (D:4)
  2 white imps
  An ufetubus (D:5)
  4 dart slugs
  3 worms
  8 orcs
  12 ball pythons
  4 endoplasms
  14 giant cockroaches
  3 goblins
  7 hobgoblins
  6 jackals
  5 quokkas
  5 bats
  9 frilled lizards
  8 kobolds
  6 rats
153 creatures vanquished.

Vanquished Creatures (collateral kills)
  A centaur warrior (D:8)
  Duvessa (D:6)
  An ice beast (D:8)
  An ogre (D:4)
  A centaur (D:8)
  A bullfrog (D:8)
  A gnoll sergeant (D:8)
  A hound (D:6)
  4 gnolls
  An orc (D:8)
13 creatures vanquished.

Vanquished Creatures (others)
  A scorpion (D:6)
  2 orc wizards (D:8)
  An orc (D:8)
  4 toadstools (D:1)
8 creatures vanquished.

Grand Total: 174 creatures vanquished

Notes
Turn   | Place    | Note
-------+----------+-------------------------------------------
     0 | D:1      | Monkooky the Minotaur Monk began the quest for the Orb.
     0 | D:1      | Reached XP level 1. HP: 19/19 MP: 0/0
   198 | D:1      | Reached skill level 1 in Armour
   265 | D:1      | Reached XP level 2. HP: 24/27 MP: 1/1
   357 | D:1      | Found a faded altar of an unknown god.
   484 | D:1      | Prayed at the altar of an unknown god.
   484 | D:1      | Became a worshipper of Makhleb the Destroyer
   484 | D:1      | Reached * piety under Makhleb
   484 | D:1      | Reached ** piety under Makhleb
   825 | D:2      | Found a sacrificial altar of Ru.
   913 | D:2      | Reached *** piety under Makhleb
   914 | D:2      | Reached skill level 1 in Invocations
  1228 | D:2      | Reached skill level 2 in Invocations
  1228 | D:2      | Reached XP level 3. HP: 31/33 MP: 3/3
  1387 | D:2      | Reached skill level 1 in Throwing
  1387 | D:2      | Reached XP level 4. HP: 38/40 MP: 5/5
  1661 | D:3      | Found Ruthrol's Antique Weapon Shoppe.
  1864 | D:3      | Found Lafecule's Antique Armour Emporium.
  1910 | D:3      | Reached skill level 3 in Invocations
  2042 | D:3      | Found Lyimig's Weapon Emporium.
  2136 | D:3      | Found Gabbutab's Weapon Boutique.
  2480 | D:4      | Noticed an ogre
  2485 | D:4      | Killed an ogre
  2486 | D:4      | Reached skill level 4 in Invocations
  2486 | D:4      | Reached XP level 5. HP: 12/46 MP: 5/7
  2629 | D:4      | Found a glowing drain.
  2650 | D:4      | Reached **** piety under Makhleb
  2664 | Sewer    | Entered a sewer
  2925 | Sewer    | Reached skill level 5 in Invocations
  2925 | Sewer    | Reached XP level 6. HP: 52/52 MP: 7/9
  2933 | Sewer    | Identified the +8 great sword of the Burning Genius
                  | {antimagic, rN+ Str+4 SInv}
  3036 | D:4      | You fall into a shaft and drop 2 floors!
  3051 | D:6      | Noticed a steam dragon
  3071 | D:6      | Killed a steam dragon
  3072 | D:6      | Reached skill level 6 in Invocations
  3072 | D:6      | Reached XP level 7. HP: 40/58 MP: 3/11
  3074 | D:6      | Reached skill level 7 in Invocations
  3101 | D:5      | Entered Level 5 of the Dungeon
  3239 | D:5      | Reached ***** piety under Makhleb
  3374 | D:5      | Reached skill level 8 in Invocations
  3868 | D:4      | Reached XP level 8. HP: 65/66 MP: 4/13
  4359 | D:3      | Bought a pair of runed gloves for 195 gold pieces
  4443 | D:5      | Found a sparkling altar of Nemelex Xobeh.
  4494 | D:5      | Reached skill level 9 in Invocations
  4641 | D:5      | Found Ryol's Firing Range.
  5281 | D:6      | Reached skill level 10 in Invocations
  5287 | D:6      | Noticed Dowan
  5290 | D:6      | Killed Dowan
  5349 | D:6      | Noticed Duvessa
  5357 | D:6      | Killed Duvessa
  5432 | D:6      | Found a staircase to the Ecumenical Temple.
  5742 | D:6      | Reached skill level 1 in Staves
  5829 | D:6      | Reached XP level 9. HP: 67/71 MP: 16/16
  6072 | D:7      | Reached skill level 11 in Invocations
  6844 | D:8      | Noticed a vault sentinel
  6844 | D:8      | Noticed a vault sentinel
  6897 | D:8      | Killed a vault sentinel
  6898 | D:8      | Reached skill level 12 in Invocations
  6900 | D:8      | Killed a vault sentinel
  6903 | D:8      | Noticed Maggie
  6919 | D:8      | Reached skill level 13 in Invocations
  6922 | D:8      | Killed Maggie
  6939 | D:8      | Reached XP level 10. HP: 43/78 MP: 16/19
  6983 | D:8      | Noticed a centaur warrior
  7002 | D:8      | Killed a centaur warrior
  7017 | D:8      | Noticed a centaur warrior
  7026 | D:8      | Shot with an arrow by a centaur warrior

Illustrated notes

Levels and vault maps discovered:
D:1:      ldierk_walled_garden_2, layout_basic, ebering_ecumenical_altar_mist,
          serial_park_tiny_pond
D:2:      layout_basic, basic_altar
D:3:      layout_basic, serial_shops,
          nicolae_shop_temple_entry_statues_fountains, shop,
          nicolae_shop_bloodbath_and_beyond, shop, minivault_27
D:4:      layout_gridville, portal_sewer_entry_c
D:5:      layout_layer_cave, nemelex_spade_bored_becter,
          nicolae_shop_firing_range
D:6:      layout_rooms, minmay_temple_entry_statues_fountains, uniq_duvessa
D:7:      layout_gridville, kennysheep_generic_room_15
D:8:      hangedman_cross_veins, layout_layer_cave,
          mainiacjoe_overflow_large_starburst, hellmonk_guarded_unrand_gong,
          uniq_maggie

Skill      XL: |  1  2  3  4  5  6  7  8  9 10 |
---------------+-------------------------------+-----
Armour         | 1 |  1.0
Axes           | 4 |  4.0
Invocations    | 2 4 5 6 8 10 13 | 13.5
Throwing       | 1 2 |  2.0
Staves         | 3 |  3.0
Maces & Flails | 6 |  6.1
Fighting       | |  3.8
Dodging        | |  3.3
Stealth        | |  1.5

Action                   |  1- 3 |  4- 6 |  7- 9 | 10-12 || total
-------------------------+-------+-------+-------+-------++-------
Melee: Hand axe          |     9 |       |       |       ||     9
       War axe           |    13 |     4 |       |       ||    17
       Headbutt          |     3 |       |     2 |       ||     5
       Great sword       |       |     1 |    12 |       ||    13
       Dire flail        |       |       |    10 |     1 ||    11
Invok: Minor Destruction |    39 |   103 |   168 |     1 ||   311
       Lesser Servant of |       |     2 |     6 |     1 ||     9
       Major Destruction |       |       |     5 |       ||     5
  Use: Scroll            |       |       |     2 |     1 ||     3
       Potion            |       |       |     2 |     1 ||     3
 Stab: Sleeping          |     1 |       |       |       ||     1
       Distracted        |       |       |     1 |       ||     1
Armor: Scale mail        |     1 |       |       |       ||     1
       Ring mail         |     6 |     7 |    21 |     1 ||    35
Dodge: Dodged            |    20 |    19 |    47 |     2 ||    88

Table legend: (Time is in decaauts)
 A = Elapsed time spent in this place.
 B = Non-inter-level travel time spent in this place.
 C = Inter-level travel time spent in this place.
 D = Time resting spent in this place.
 E = Time spent auto-exploring this place.
 F = Levels seen in this place.
 G = Mean time per level.
                   A        B        C        D        E       F      G
               +--------+--------+--------+--------+--------+-----+--------+
         Total |   7073 |   6699 |    374 |    217 |   5408 |   9 |  785.9 |
       Dungeon |   6717 |   6343 |    374 |    178 |   5185 |   8 |  839.6 |
         Sewer |    356 |    356 |      0 |     39 |    223 |   1 |  356.0 |
               +--------+--------+--------+--------+--------+-----+--------+

Top non-repeatable levels by time:
     D:5: 1391 daAuts
     D:4: 994 daAuts
     D:3: 867 daAuts
     D:2: 817 daAuts
     D:7: 813 daAuts
     D:1: 807 daAuts
     D:6: 768 daAuts
   Sewer: 356 daAuts
     D:8: 256 daAuts
